 Dungeon Crawl Stone Soup version 0.30-a0-726-gd89dcf765f (webtiles) character file.

Game seed: 14888135007699060111

272 jimonade the Sneak (level 6, -1/32 HPs)
             Began as a Vine Stalker Brigand on Jan 29, 2023.
             Slain by Dowan
             ... wielding a +0 dagger
              (3 damage)
             ... on level 5 of the Dungeon.
             The game lasted 00:04:52 (1943 turns).

jimonade the Sneak (Vine Stalker Brigand)           Turns: 1943, Time: 00:04:52

Health: -1/32      AC:  6    Str: 13    XL:     6   Next: 23%
Magic:  0/7        EV: 12    Int: 11    God:
Gold:   69         SH:  0    Dex: 18    Spells: 5/5 levels left

rFire   . . .      SeeInvis .    a - +4 short sword (flame)
rCold   . . .      Faith    .    (no shield)
rNeg    . . .      Spirit   +    f - +0 leather armour
rPois   .          Reflect  .    (no helmet)
rElec   .          Harm     .    c - +0 cloak
rCorr   .          Rampage  .    (no gloves)
Will    .....                    j - +1 pair of boots
Stlth   +++                      r - amulet of magic regeneration
HPRegen 1.05/turn                (no ring)
MPRegen 0.50/turn                (no ring)

@: no status effects
A: fangs 2, regeneration 1, magic shield, antimagic bite, no potion heal 2
a: no special abilities


You were on level 5 of the Dungeon.
You visited 1 branch of the dungeon, and saw 4 of its levels.

You collected 69 gold pieces.

Inventory:

Hand Weapons
 a - a +4 short sword of flaming (weapon)
 b - a +2 short sword of freezing
 q - a +0 whip of venom
 s - a +2 dagger
Missiles
 d - 13 poisoned darts (quivered)
 e - a curare-tipped dart
Armour
 c - a +0 cloak (worn)
 f - a +0 leather armour (worn)
 j - a +1 pair of boots (worn)
 m - a +0 robe
 o - a +0 kite shield
Jewellery
 r - an amulet of magic regeneration (around neck)
Wands
 n - a wand of flame (23)
Scrolls
 h - a scroll of vulnerability {unknown}
 i - a scroll of fear {unknown}
Potions
 g - 2 potions of curing {unknown}
 k - a potion of heal wounds {unknown}


   Skills:
 + Level 2.9 Fighting
 + Level 4.8 Short Blades
 - Level 1.7 Throwing
 + Level 1.7 Dodging
 - Level 4.8 Stealth


You had 5 spell levels left.
You didn't know any spells.
Your spell library was empty.

Dungeon Overview and Level Annotations

Branches:
Dungeon (5/15)
 Temple: D:4-7

Altars:

Annotations:
D:3 Grinder
D:5 Dowan


Innate Abilities, Weirdness & Mutations

You have extremely sharp teeth.
Your natural rate of healing is unusually fast.
When hurt, damage is shared between your health and your magic reserves.
Your bite disrupts and absorbs the magic of your enemies.
Potions cannot restore your health.


Message History

Dowan is moderately wounded.
Dowan's magic is no longer disrupted.
Dowan barely misses you. The phantom hits you.
You closely miss Dowan. Your bite misses Dowan.
Dowan is moderately wounded.
Dowan casts a spell.
Dowan blinks!
The phantom hits you.
You closely miss the phantom. You bite the phantom, but do no damage.
The phantom hits you.
The phantom blinks!
You blink.
You miss the phantom. Your bite misses the phantom. You hit the phantom.
You burn the phantom.
The phantom is lightly damaged.
The phantom hits you.
You hit the phantom. You burn the phantom.
You bite the phantom, but do no damage.
The phantom is lightly damaged.
Dowan points at you and mumbles some strange words.
The shard of ice hits you. The phantom hits you.
You hit the phantom. You burn the phantom.
The phantom is moderately damaged.
Dowan gestures at you while chanting. The shard of ice hits you!
The phantom barely misses you. Dowan barely misses you.
Dowan casts a spell.
Dowan blinks!
The phantom hits you but does no damage.
The phantom misses you.
You see here 2 poisoned darts.
You closely miss the phantom. Your bite misses the phantom.
The phantom is moderately damaged.
Dowan casts a spell at you. The shard of ice hits you!!
* * * LOW HITPOINT WARNING * * *
The phantom hits you but does no damage.
Dowan closely misses you.
You puncture Dowan! You burn Dowan. You bite Dowan.
Dowan's magic leaks into the air.
You drain his magic.
You feel invigorated.
Dowan is almost dead.
Dowan hits you with a +0 dagger.
You die...

#...# #..^#
####...# . ......##
... ......#
....###..#.#
.........#.##
........@(..###.###
.......eW.(........
#...###.##.(######
#...........).# #
#######..#.# #..#)#
....#.# ####.#)#
####.#.##


You could see a phantom and Dowan (fast, magic disrupted).

Vanquished Creatures
  Duvessa (D:5)
  An ogre (D:5)
  A gnoll (D:1)
  2 adders (D:5)
  A shadow imp (D:5)
  An adder zombie (D:2)
  An adder skeleton (D:2)
  2 worms
  An orc (D:5)
  4 bats
  4 endoplasms
  2 giant cockroaches
  2 goblins (D:1)
  A hobgoblin (D:2)
  A quokka (D:1)
  5 ball pythons
  A ball python skeleton (D:2)
  2 frilled lizards
  A giant cockroach zombie (D:2)
  4 kobolds
  3 rats
41 creatures vanquished.

Vanquished Creatures (others)
  A withered plant (D:2)
1 creature vanquished.

Grand Total: 42 creatures vanquished

Notes
Turn   | Place    | Note
-------+----------+-------------------------------------------
     0 | D:1      | jimonade the Vine Stalker Brigand began the quest for the
                  | Orb.
     0 | D:1      | Reached XP level 1. HP: 11/11 MP: 2/2
   215 | D:1      | Reached XP level 2. HP: 15/15 MP: 3/3
   322 | D:1      | Found a faded altar of an unknown god.
   649 | D:1      | Reached XP level 3. HP: 8/18 MP: 2/4
  1175 | D:2      | Reached skill level 1 in Dodging
  1852 | D:3      | Noticed Grinder
  1852 | D:3      | You fall into a shaft and drop 2 floors!
  1852 | D:5      | Entered Level 5 of the Dungeon
  1879 | D:5      | Gained mutation: Your natural rate of healing is unusually
                  | fast. [Vine Stalker growth]
  1879 | D:5      | Reached XP level 4. HP: 23/23 MP: 5/5
  1894 | D:5      | Noticed an ogre
  1906 | D:5      | Killed an ogre
  1907 | D:5      | Reached XP level 5. HP: 27/27 MP: 6/6
  1915 | D:5      | Noticed Duvessa
  1918 | D:5      | Noticed a phantom
  1921 | D:5      | Noticed Dowan
  1926 | D:5      | Killed Duvessa
  1927 | D:5      | Reached XP level 6. HP: 28/32 MP: 5/7
  1941 | D:5      | HP: 1/32 [Dowan/shard of ice (14)]
  1943 | D:5      | Slain by Dowan

Illustrated notes

Levels and vault maps discovered:
D:1:      denvon_arrival_planthouse, layout_loops_cross,
          ebering_ecumenical_altar_sacrificial
D:2:      layout_basic, serial_undead, serial_undead_e, serial_undead_b,
          serial_undead_e, serial_undead_c
D:3:      layout_basic, kennysheep_generic_room_15, uniq_grinder
D:5:      layout_loops_ring, uniq_blork_the_orc, uniq_menkaure, uniq_duvessa

Skill      XL: |  1  2  3  4 |
---------------+-------------+-----
Short Blades   | 2 3 4 |  4.8
Dodging        | 1 |  1.7
Fighting       | 2 |  2.9
Throwing       | |  1.7
Stealth        | |  4.8

Action                     |  1- 3 |  4- 6 || total
---------------------------+-------+-------++-------
  Melee: Dagger            |    56 |       ||    56
         Bite              |    15 |    10 ||    25
         Whip              |    19 |       ||    19
         Short sword       |     9 |    37 ||    46
  Throw: Dart              |       |     7 ||     7
    Use: Scroll            |     5 |       ||     5
   Stab: Sleeping          |    11 |       ||    11
 Armour: Leather armour    |    25 |     9 ||    34
  Dodge: Dodged            |    33 |    17 ||    50

Table legend: (Time is in decaauts)
 A = Elapsed time spent in this place.
 B = Non-inter-level travel time spent in this place.
 C = Inter-level travel time spent in this place.
 D = Time resting spent in this place.
 E = Time spent auto-exploring this place.
 F = Levels seen in this place.
 G = Mean time per level.
                   A        B        C        D        E       F      G
               +--------+--------+--------+--------+--------+-----+--------+
         Total |   1922 |   1797 |    125 |     44 |   1355 |   4 |  480.5 |
       Dungeon |   1922 |   1797 |    125 |     44 |   1355 |   4 |  480.5 |
               +--------+--------+--------+--------+--------+-----+--------+

Top non-repeatable levels by time:
     D:2: 1006 daAuts
     D:1: 833 daAuts
     D:5: 82 daAuts
